 Dungeon Sprint DCSS version 0.18.1-50-g88ac8fd (webtiles) character file.

266 Kagutsuchi the Fighter (level 6, -1/62 HPs)
             Began as a Draconian Berserker on Oct 20, 2016.
             Was a Believer of Trog.
             Slain by a crocodile (17 damage)
             ... in the Dungeon (Sprint II: "The Violet Keep of Menkaure").
             The game lasted 00:01:12 (36 turns).

Kagutsuchi the Fighter (Draconian Berserker)          Turns: 36, Time: 00:01:12

Health: -1/62      AC:  6    Str: 19    XL:     6   Next: 0%
Magic:  6/6        EV: 15    Int:  8    God:    Trog [**....]
Gold:   64         SH:  0    Dex: 12    Spells: 0 memorised, 5 levels left

rFire  . . .     SeeInvis .     a - +0 falchion
rCold  . . .     Gourm    .     (armour unavailable)
rNeg   . . .     Faith    .     (no shield)
rPois  .         Spirit   .     (helmet restricted)
rElec  .         Dismiss  .     (no cloak)
rCorr  .         Reflect  .     (no gloves)
SustAt .         Harm     .     (no boots)
MR     .....     NoTele   +     (no amulet)
Stlth  +.........               (no ring)
                                (no ring)

@: exhausted, slowed, very slow, not resistant to hostile enchantments, very
unstealthy
A: unfitting armour, cold-blooded, AC +6
a: Berserk, Trog's Hand, Burn Spellbooks, Renounce Religion


You were in the Dungeon.
You worshipped Trog.
Trog was pleased with you.
You were very full.

You visited 1 branch You collected 243 gold pieces.
You spent 179 gold pieces at shops.

Inventory:

Hand Weapons
 a - a +0 falchion (weapon)
Scrolls
 h - a scroll of blinking
Potions
 c - a potion of curing
 d - 2 potions of heal wounds
 e - a potion of haste
 f - 2 potions of magic
 g - a potion of berserk rage
Comestibles
 b - a bread ration
 j - a slice of pizza


   Skills:
 + Level 8.7 Fighting
 + Level 7.8 Long Blades
 + Level 7.0 Dodging


You had 5 spell levels left.
You didn't know any spells.

Dungeon Overview and Level Annotations

Branches:
Dungeon (1/1)

Altars:

Shops:
D (%::(!}[?%!=(:[=

Annotations:
D exclusion: oklob plant


Innate Abilities, Weirdness & Mutations

Your plain brown scales are hard (AC +6).
Your body does not fit into most forms of armour.
You are cold-blooded and may be slowed by cold attacks.


Message History

Eat which item? (? for menu, Esc to quit)
The crocodile closely misses you.
You continue eating.
The crocodile barely misses you. The crocodile bites you.
You continue eating.
The crocodile misses you.
You finish eating.
That meat ration really hit the spot!
You closely miss the crocodile.
Your tail-slap misses the crocodile.
The crocodile is moderately wounded.
The crocodile bites you! The crocodile closely misses you.
You hit the crocodile but do no damage. You tail-slap the crocodile.
The crocodile is heavily wounded.
The crocodile bites you!
* * * LOW HITPOINT WARNING * * *
You hit the crocodile but do no damage.
The crocodile is heavily wounded.
The crocodile misses you.
Drink which item? (? for menu, Esc to quit)
You feel better. The crocodile bites you!
You die...

############≈≈
###########≈≈≈...
##.......∩#≈≈≈≈.#
##∩.....∩.#≈≈≈≈#
##.∩...∩.∩#≈≈≈≈
##∩.@t∩.∩.#≈≈###
##.∩.∩.∩..#≈##.# #+#
##..∩.∩...#≈#.#.##.##
##...⌠....'≈'###'.<.+
##........#≈#.#.##.##
#▓▓▓▓▓▓▓###≈##.###+#
##ahh######≈≈###
#[aa#Y ##≈≈≈ #∩P$+Y
+#≈#


You could see 2 hell hogs, a yak, 3 soldier ants and a crocodile.

Vanquished Creatures
  2 hippogriffs (D)
2 creatures vanquished.

Notes
Turn   | Place    | Note
--------------------------------------------------------------
     0 | D        | Kagutsuchi the Draconian Berserker began the quest for the Orb.
     0 | D        | Reached XP level 1. HP: 19/19 MP: 1/1
     1 | D        | Noticed a hippogriff
     1 | D        | Noticed a hippogriff
     6 | D        | Killed a hippogriff
     6 | D        | Reached skill level 7 in Fighting
     6 | D        | Reached skill level 5 in Dodging
     6 | D        | Reached XP level 2. HP: 29/34 MP: 2/2
     6 | D        | Reached XP level 3. HP: 33/39 MP: 3/3
     6 | D        | Reached XP level 4. HP: 40/47 MP: 4/4
     8 | D        | Killed a hippogriff
     8 | D        | Reached ** piety under Trog
     8 | D        | Reached skill level 8 in Fighting
     8 | D        | Reached XP level 5. HP: 49/56 MP: 5/5
     8 | D        | Reached XP level 6. HP: 54/62 MP: 6/6
    14 | D        | Found Vuqacrut's Jewellery Emporium.
    14 | D        | Found Jeqasah's Book Emporium.
    14 | D        | Found Kuaheun's Magic Scroll Shoppe.
    14 | D        | Found Daagreev's Jewellery Emporium.
    14 | D        | Found Pumoar's Distillery.
    14 | D        | Found Eppotu's Weapon Shoppe.
    14 | D        | Found Xiblaulu's Antique Armour Shoppe.
    15 | D        | Found Zifoduar's Food Emporium.
    15 | D        | Found Qiphimm's Antique Armour Shoppe.
    16 | D        | Found Taklaet's Gadget Shoppe.
    16 | D        | Found Booheghi's Distillery.
    16 | D        | Noticed a hell hog
    18 | D        | Found Laizazuit's Antique Weapon Emporium.
    18 | D        | Found Razuelui's Book Shoppe.
    18 | D        | Noticed a hell hog
    18 | D        | Noticed an oklob plant
    19 | D        | Found Lyna's Food Shoppe.
    19 | D        | Found Gushopt's Book Shoppe.
    19 | D        | Found Qivut's Weapon Emporium.
    20 | D        | Noticed a soldier ant
    21 | D        | Noticed a soldier ant
    21 | D        | Noticed a soldier ant
    24 | D        | Bought a meat ration for 70 gold pieces
    24 | D        | Bought a slice of pizza for 21 gold pieces
    24 | D        | Noticed a yak
    26 | D        | Noticed a yak
    28 | D        | Bought a potion of curing for 33 gold pieces
    28 | D        | Bought a potion of heal wounds for 55 gold pieces
    36 | D        | Slain by a crocodile

Skill      XL: |  1  2  3  4 |
---------------+-------------+-----
Fighting       | 7 8 |  8.7
Long Blades    | 6 7 |  7.8
Dodging        | 5 7 |  7.0

Action                   |  1- 3 |  4- 6 || total
-------------------------+-------+-------++-------
Melee: Falchion          |     4 |     7 ||    11
       Tailslap          |       |     2 ||     2
Invok: Berserk           |     1 |       ||     1
  Use: Potion            |       |     1 ||     1
  Eat: Meat ration       |       |     1 ||     1
Dodge: Dodged            |     2 |    10 ||    12
